 Dungeon Crawl Stone Soup version 0.29.1-12-g30fa7ad0bf (webtiles) character file.

Game seed: 13009528609574439776

53 Mitcholas the Ruffian (level 3, -7/36 HPs)
             Began as a Troll Fighter on Jan 2, 2023.
             Mangled by a gnoll
             ... wielding a +0 halberd
              (11 damage)
             ... on level 2 of the Dungeon.
             The game lasted 00:04:51 (1186 turns).

Mitcholas the Ruffian (Troll Fighter)               Turns: 1186, Time: 00:04:51

Health: -7/36      AC:  4    Str: 24    XL:     3   Next: 62%
Magic:  2/2        EV:  8    Int:  6    God:
Gold:   97         SH:  7    Dex:  9    Spells: 2/2 levels left

rFire   . . .      SeeInvis .     - Unarmed
rCold   . . .      Faith    .   b - +0 kite shield
rNeg    . . .      Spirit   .   a - +0 robe
rPois   .          Reflect  .   (helmet restricted)
rElec   .          Harm     .   (no cloak)
rCorr   .          Rampage  .   (gloves unavailable)
Will    .....                   (boots unavailable)
Stlth   +.........              (no amulet)
HPRegen 0.92/turn               (no ring)
MPRegen 0.08/turn               (no ring)

@: no status effects
A: large, unfitting armour, claws 3, regeneration 1, shaggy fur 1, tough skin 1
a: no special abilities


You were on level 2 of the Dungeon.
You visited 1 branch of the dungeon, and saw 2 of its levels.

You collected 97 gold pieces.

Inventory:

Armour
 a - a +0 robe (worn)
 b - a +0 kite shield (worn)
Scrolls
 d - a scroll of teleportation {unknown}
 e - a scroll of poison {unknown}
 f - 3 scrolls of identify {unknown}
 g - a scroll of magic mapping {unknown}
 h - a scroll of torment {unknown}
 k - a scroll of butterflies {unknown}
Potions
 c - a potion of might
 i - a potion of resistance {unknown}
 j - a potion of mutation {unknown}


   Skills:
 + Level 2.8 Fighting
 - Level 2.4 Dodging
 + Level 3.1 Shields
 * Level 3.2 Unarmed Combat


You had 2 spell levels left.
You didn't know any spells.
Your spell library contained the following spells:

 Spells                   Type           Power      Damage    Failure   Level
 Conjure Flame            Conj/Fire      0%         6-21      98%         3
 Ignite Poison            Fire/Tmut/Pois 0%         N/A       98%         3
 Cause Fear               Hex            0%         N/A       100%        4
 Sticky Flame             Conj/Fire      0%         2d3       100%        4
 Dragon Form              Tmut           0%         N/A       100%        7
 Dragon's Call            Summ           0%         N/A       100%        9


Dungeon Overview and Level Annotations

Branches:
Dungeon (2/15)

Altars:


Innate Abilities, Weirdness & Mutations

You are too large for most types of armour.
You have claws for hands.
Your natural rate of healing is unusually fast.
You are covered in fur. (AC +1)
You have tough skin. (AC +1)


Message History

You kill the gnoll!
The giant cockroach barely misses you. The gnoll hits you but does no damage.
Your Unarmed Combat skill increases to level 3!
You closely miss the gnoll.
The giant cockroach bites you but does no damage.
The gnoll hits you with a +0 whip. The giant cockroach closely misses you.
You scratch the gnoll.
The gnoll is heavily wounded.
The gnoll hits you with a +0 whip.
The giant cockroach completely misses you.
The gnoll barely misses you.
The gnoll hits you from afar with a +0 halberd!
You are too injured to fight recklessly!
You are too injured to fight recklessly!
You are too injured to fight recklessly!
You are too injured to fight recklessly!
The gnoll attacks as you move away! You block the gnoll's attack.
The giant cockroach bites you but does no damage.
You see here a jackal corpse.
You claw the giant cockroach!
You kill the giant cockroach!
You claw the gnoll!
You kill the gnoll!
The gnoll misses you.
Things that are here:
a +0 whip; a gnoll corpse You scratch the gnoll.
The gnoll is moderately wounded.
The gnoll hits you with a +0 halberd.
You barely miss the gnoll.
The gnoll is moderately wounded.
The gnoll hits you with a +0 halberd. The gnoll barely misses you.
You scratch the gnoll.
The gnoll is heavily wounded.
The gnoll hits you with a +0 halberd. The gnoll hits you with a +0 flail!
* * * LOW HITPOINT WARNING * * *
You closely miss the gnoll.
The gnoll is heavily wounded.
The gnoll hits you with a +0 halberd!
You die...

.#..##.#
..#....#...#
##.## ...
...#....#.... .#
## #....# ### ##
#....# #....#
#....# #....#
#†(..#
########@...#.#
#......gg.......
#.............##
.......).......#
...............#
.....###########
..... .... ...


You could see 2 gnolls.

Vanquished Creatures
  2 gnolls (D:2)
  A dart slug (D:1)
  4 endoplasms (D:1)
  A giant cockroach (D:2)
  2 goblins
  6 hobgoblins
  2 jackals (D:2)
  A quokka (D:1)
  3 ball pythons (D:1)
  3 bats (D:1)
  A frilled lizard (D:1)
  A kobold (D:1)
  2 rats (D:1)
  A bush (D:1)
30 creatures vanquished.

Vanquished Creatures (others)
  2 plants (D:1)
2 creatures vanquished.

Grand Total: 32 creatures vanquished

Notes
Turn   | Place    | Note
-------+----------+-------------------------------------------
     0 | D:1      | Mitcholas the Troll Fighter began the quest for the Orb.
     0 | D:1      | Reached XP level 1. HP: 22/22 MP: 0/0
   109 | D:1      | Reached XP level 2. HP: 23/29 MP: 1/1
   422 | D:1      | Found a faded altar of an unknown god.
  1162 | D:2      | Reached XP level 3. HP: 34/36 MP: 2/2
  1186 | D:2      | Mangled by a gnoll

Illustrated notes

Levels and vault maps discovered:
D:1:      nzn_arrival_depleted_hourglass, layout_basic, serial_forest,
          infiniplex_forest_clump_small, infiniplex_forest_split,
          infiniplex_forest_clump_small, infiniplex_forest_clump_double,
          infiniplex_forest_lined_2, infiniplex_forest_clump_curved,
          infiniplex_forest_join, hellmonk_ecumenical_altar_lost_god,
          hangedman_decor_diamond_cutter, hangedman_decor_points
D:2:      layout_basic, chequers_mini_garden

Skill      XL: |  1  2  3 |
---------------+----------+-----
Shields        | 3 |  3.1
Unarmed Combat | 3 |  3.2
Fighting       | |  2.8
Dodging        | |  2.4

Action                   || total
-------------------------++-------
Melee: Unarmed           ||   131
 Stab: Sleeping          ||     2
Armor: Robe              ||    20
Dodge: Dodged            ||    22
Block: Kite shield       ||    20
